 Dungeon Crawl Stone Soup version 0.31.0-11-ge490571c62 (webtiles) character file.

Game seed: 16852422664382525785

9 browni3141 the Conjurer (level 2, 0/19 HPs)
             Began as a Demonspawn Conjurer on Jan 30, 2024.
             Slain by a jackal (1 damage)
             ... on level 1 of the Dungeon.
             The game lasted 00:00:45 (447 turns).

browni3141 the Conjurer (Demonspawn Conjurer)        Turns: 447, Time: 00:00:45

Health: 0/19       AC:  2    Str:  7    XL:     2   Next: 3%
Magic:  2/5        EV: 12    Int: 18    God:
Gold:   33         SH:  0    Dex: 11    Spells: 4/5 levels left

rFire   . . .        (no weapon)
rCold   . . .        (no shield)
rNeg    . . .        a - +0 robe
rPois   .            (no helmet)
rElec   .            (no cloak)
rCorr   .            (no gloves)
SInv    .            (no boots)
Will    .....        (no amulet)
Stlth   ++           (no ring)
HPRegen 0.23/turn    (no ring)
MPRegen 0.09/turn

%: no passive effects
@: no status effects
A: ignite blood 1
a: no special abilities


You were on level 1 of the Dungeon.
You visited 1 branch of the dungeon, and saw 1 of its levels.

You collected 33 gold pieces.

Inventory:

Armour
 a - a +0 robe (worn)
Jewellery
 d - a +6 ring of dexterity
Scrolls
 e - a scroll of identify {unknown}
 f - a scroll of vulnerability {unknown}
Potions
 b - a potion of magic
 c - a potion of might {unknown}


   Skills:
 + Level 2.0 Dodging
 + Level 2.0 Stealth
 + Level 2.1 Spellcasting
 + Level 4.1 Conjurations


You had 4 spell levels left.
You knew the following spells:

 Your Spells              Type           Power      Damage    Failure   Level
a - Magic Dart            Conj           64%        1d6       3%          1

Your spell library contained the following spells:

 Spells                   Type           Power      Damage    Failure   Level
 Searing Ray              Conj           32%        2d5       4%          2
 Lesser Beckoning         Tloc           2%         N/A       26%         2
 Gell's Gravitas          Tloc           1%         N/A       47%         3
 Teleport Other           Tloc           1%         N/A       47%         3
 Fulminant Prism          Conj/Alch      4%         3d5       58%         4
 Iskenderun's Mystic Bla  Conj/Tloc      9%         2d4       58%         4


Dungeon Overview and Level Annotations

Branches:
Dungeon (1/15)

Altars:


Innate Abilities, Weirdness & Mutations

Your demonic aura sometimes causes spilled blood to erupt in flames.


Message History

e - a scroll labelled RUCLOWE KUUJA
f - a scroll labelled SOGREPS JILIQ A ball python comes into view.
The ball python hisses angrily.
The ball python moves out of view.
You can't see any susceptible monsters within range! (Use Z to cast anyway.)
You can't see any susceptible monsters within range! (Use Z to cast anyway.)
A frilled lizard comes into view.
There are monsters nearby!
There are monsters nearby!
The magic dart hits the ball python.
You kill the ball python!
The frilled lizard hisses angrily.
The magic dart hits the frilled lizard.
You kill the frilled lizard!
An endoplasm comes into view.
An endoplasm is nearby!
An endoplasm is nearby!
The magic dart hits the endoplasm.
The endoplasm is heavily wounded.
The endoplasm quivers.
You miscast Magic Dart.
You are very lightly contaminated with residual magic.
Nothing appears to happen.
The endoplasm misses you.
An endoplasm is nearby!
The magic dart hits the endoplasm.
You kill the endoplasm!
You are out of magic!
Your magical contamination has completely faded away.
A bat comes into view.
A bat is nearby!
A bat is nearby!
The magic dart hits the bat.
You kill the bat!
You can't see any susceptible monsters within range! (Use Z to cast anyway.)
You can't see any susceptible monsters within range! (Use Z to cast anyway.)
There is an open door here.
You open the door.
There is an open door here.
You pick up a book of Displacement and begin reading...
You add the spells Lesser Beckoning, Gell's Gravitas and Teleport Other to your library.
You now have 6 gold pieces.
Found a stone staircase leading down.
A hobgoblin comes into view.
A hobgoblin is nearby!
The magic dart hits the hobgoblin but does no damage.
The magic dart hits the hobgoblin.
You kill the hobgoblin!
Your Stealth skill increases to level 2!
You can't see any susceptible monsters within range! (Use Z to cast anyway.)
You now have 20 gold pieces (gained 14).
You now have 33 gold pieces (gained 13).
A jackal and an endoplasm come into view.
There are monsters nearby!
There are monsters nearby!
The magic dart hits the endoplasm.
The endoplasm is severely wounded.
The endoplasm quivers.
The magic dart hits the endoplasm.
You kill the endoplasm!
You start resting.
Magic restored.
The jackal barks!
The magic dart hits the jackal.
The jackal is heavily wounded.
A jackal comes into view.
The magic dart hits the jackal.
You kill the jackal!
The jackal barks!
Your Dodging skill increases to level 2!
You have reached level 2!
Your demonic ancestry asserts itself...
Your blood heats up.
A jackal comes into view.
A jackal comes into view.
The jackal misses you. The jackal bites you.
The jackal barks!
The jackal bites you. x2
The jackal bites you. The jackal barely misses you.
The jackal closely misses you.
The jackal bites you but does no damage.
The jackal barely misses you. The jackal closely misses you.
The jackal barely misses you.
The jackal bites you but does no damage.
The jackal bites you but does no damage. x2
The jackal misses you. The jackal closely misses you.
The jackal bites you but does no damage.
The jackal bites you.
The jackal misses you. x2; The jackal bites you.
The jackal completely misses you.
The jackal bites you but does no damage.
The jackal barely misses you. The jackal misses you.
The jackal bites you but does no damage.
The jackal bites you. The jackal misses you. The jackal bites you.
The jackal bites you but does no damage.
The jackal bites you. The jackal misses you. The jackal barely misses you.
The jackal closely misses you. x2; The jackal bites you.
You die...

# ####.#######.# #
#######.#######.# #
...........[....###### #
.....................# #
.......#############.# #########
.......#############.####........
.................................
.......#####..........###........
.......# #....@....÷###........
.......# #...hhh.....##........
.......# #...........##........
......... #.......†...##........
.........# #######.....##########
#####....# #.......# #.... ....#
......#.# #.... .......# #...>
.......... #####


You could see 3 jackals.

Vanquished Creatures
  3 endoplasms (D:1)
  A hobgoblin (D:1)
  A jackal (D:1)
  A ball python (D:1)
  A bat (D:1)
  A frilled lizard (D:1)
8 creatures vanquished.

Notes
Turn   | Place    | Note
-------+----------+-------------------------------------------
     0 | D:1      | browni3141 the Demonspawn Conjurer began the quest for the
                  | Orb.
     0 | D:1      | Reached XP level 1. HP: 13/13 MP: 3/3
   434 | D:1      | Gained mutation: Your demonic aura sometimes causes spilled
                  | blood to erupt in flames. [demonic ancestry]
   434 | D:1      | Reached XP level 2. HP: 19/19 MP: 1/5
   447 | D:1      | Slain by a jackal

Illustrated notes

Levels and vault maps discovered:
D:1:      ncdulo_smallfort, layout_basic, minmay_indecisive_spiral

Skill      XL: |  1 |
---------------+----+-----
Stealth        | 2 |  2.0
Dodging        | 2 |  2.0
Spellcasting   | |  2.1
Conjurations   | |  4.1

Action                     || total
---------------------------++-------
   Cast: Magic Dart        ||    13
 Armour: Robe              ||    18
  Dodge: Dodged            ||    19
